SNL (28 & UNDER)
KEY WEST BARRACUDAS @ GAINESVILLE GUIDOS
08/07/2030
 
TOP OF THE 1ST
Key West Barracudas batting - Pitching for Gainesville Guidos : RHP Glenn Ellison
Pitching: RHP Glenn Ellison
Batting: RHB Ramiro Javier 0-0: Ball
1-0: Foul Ball, location: 2F
1-1: Ball
2-1: Called Strike
2-2: Ball
3-2: Base on Balls
Batting: RHB Ramón Díaz 0-0: Swinging Strike
0-1: Called Strike
0-2: Ball
1-2: Fly out, F8 (Flyball, 89D)
Batting: RHB Rob DeWitt 0-0: Ball
1-0: Ball
2-0: Ball
3-0: Base on Balls
Ramiro Javier to second
Batting: RHB Cris Lugo 0-0: Foul Ball, location: 2F
0-1: Ball
1-1: Fielders Choice at 2nd, 5-4 (Groundball, 56)
Ramiro Javier to third
Batting: SHB Júlio Ayala 0-0: Ball
1-0: Called Strike
1-1: SINGLE (Groundball, 4MD)
Ramiro Javier scores
Cris Lugo to second
Batting: LHB Howard White 0-0: Called Strike
0-1: Called Strike
0-2: Foul Ball, location: 2F
0-2: Ball
1-2: Ball
2-2: Foul Ball, location: 2F
2-2: Strikes out swinging
Top of the 1st over - 1 run, 1 hit, 0 errors, 2 left on base; Key West 1 - Gainesville 0
BOTTOM OF THE 1ST
Gainesville Guidos batting - Pitching for Key West Barracudas : RHP Chuck Davies
Pitching: RHP Chuck Davies
Batting: SHB Manuel Díaz 0-0: Swinging Strike
0-1: Ball
1-1: Ball
2-1: Swinging Strike
2-2: Foul Ball, location: 2F
2-2: Strikes out looking
Batting: RHB Doug Coleman 0-0: Ball
1-0: Swinging Strike
1-1: Called Strike
1-2: Fly out, F9 (Flyball, 89M)
Batting: RHB César Castillo 0-0: Ball
1-0: Called Strike
1-1: Ball
2-1: Fly out, F6 (Popup, 6D)
Bottom of the 1st over - 0 runs, 0 hits, 0 errors, 0 left on base; Key West 1 - Gainesville 0
TOP OF THE 2ND
Key West Barracudas batting - Pitching for Gainesville Guidos : RHP Glenn Ellison
Batting: LHB Mauro Díaz 0-0: Ball
1-0: Called Strike
1-1: Foul Ball, location: 2F
1-2: Ground out 5-3 (Groundball, 56)
Batting: SHB Eric Pimentel 0-0: Called Strike
0-1: Swinging Strike
0-2: Foul Ball, location: 2F
0-2: Ball
1-2: Foul Ball, location: 2F
1-2: Ball
2-2: Strikes out looking
Batting: RHB Anastasio Zartuche 0-0: Called Strike
0-1: Foul Ball, location: 2F
0-2: Ball
1-2: Foul Ball, location: 2F
1-2: SINGLE (Line Drive, 3D)
Batting: RHB Ramiro Javier 0-0: Foul Ball, location: 2F
0-1: Ball
1-1: Foul Ball, location: 2F
1-2: Ball
2-2: Fielders Choice at 2nd, 6-4 (Groundball, 6)
Top of the 2nd over - 0 runs, 1 hit, 0 errors, 1 left on base; Key West 1 - Gainesville 0
BOTTOM OF THE 2ND
Gainesville Guidos batting - Pitching for Key West Barracudas : RHP Chuck Davies
Batting: SHB Cornell Payne 0-0: Ball
1-0: Ground out 6-3 (Groundball, 6)
Batting: RHB Adrián López 0-0: Ball
1-0: Ball
2-0: Ball
3-0: Base on Balls
Batting: RHB León Reynoso 0-0: Foul Ball, location: 2F
0-1: Fly out, F9 (Flyball, 9D)
Batting: RHB James Morris 0-0: Foul Ball, location: 2F
0-1: Called Strike
0-2: Ball
1-2: Ball
2-2: Foul Ball, location: 2F
2-2: Ball
3-2: Foul Ball, location: 2F
3-2: SINGLE (Groundball, 6MD)
Adrián López to second
Adrián López to third
Batting: RHB Dave Marshall 0-0: Called Strike
0-1: SINGLE (Flyball, 7S)
Adrián López scores
James Morris to second
Batting: RHB Ricardo Medina 0-0: Ball
1-0: Fielders Choice at 2nd, 6-4 (Groundball, 56)
Bottom of the 2nd over - 1 run, 2 hits, 0 errors, 2 left on base; Key West 1 - Gainesville 1
TOP OF THE 3RD
Key West Barracudas batting - Pitching for Gainesville Guidos : RHP Glenn Ellison
Batting: RHB Ramón Díaz 0-0: Ball
1-0: Ball
2-0: Ball
3-0: Base on Balls
Batting: RHB Rob DeWitt 0-0: Called Strike
0-1: Ball
1-1: Swinging Strike
1-2: Strikes out swinging
Batting: RHB Cris Lugo 0-0: Called Strike
0-1: Ball
1-1: Ball
2-1: Foul Ball, location: 2F
2-2: Ball
3-2: Base on Balls
Ramón Díaz to second
Batting: SHB Júlio Ayala 0-0: Ball
1-0: Swinging Strike
1-1: Called Strike
1-2: Ball
2-2: Fly out, F7 (Flyball, 7S)
Batting: LHB Howard White 0-0: Swinging Strike
0-1: Foul Ball, location: 2F
0-2: Ball
1-2: Ball
2-2: Ball
3-2: SINGLE (Groundball, 25) (infield hit)
Ramón Díaz to third
Cris Lugo to second
Batting: LHB Mauro Díaz 0-0: Foul Ball, location: 2F
0-1: Ball
1-1: Foul Ball, location: 2F
1-2: Foul Ball, location: 2F
1-2: Ball
2-2: SINGLE (Groundball, 4MD)
Ramón Díaz scores
Cris Lugo to third
Howard White to second
Runner from 3rd tries for Home, SAFE, no throw
Batting: SHB Eric Pimentel 0-0: Foul Ball, location: 2F
0-1: Foul Ball, location: 2F
0-2: Ball
1-2: Fielders Choice at 2nd, 5-4 (Groundball, 56)
Top of the 3rd over - 2 runs, 2 hits, 0 errors, 2 left on base; Key West 3 - Gainesville 1
BOTTOM OF THE 3RD
Gainesville Guidos batting - Pitching for Key West Barracudas : RHP Chuck Davies
Batting: SHB Manuel Díaz 0-0: Ground out U3 (Groundball, 3)
Batting: RHB Doug Coleman 0-0: Called Strike
0-1: DOUBLE (Line Drive, 7LD)
Batting: RHB César Castillo 0-0: Ball
1-0: Fly out, F8 (Flyball, 8LXD)
Runner from 2nd tags up, SAFE at 3rd, no throw
Batting: SHB Cornell Payne 0-0: Ball
1-0: Foul Ball, location: 2F
1-1: Ball
2-1: Called Strike
2-2: Ball
3-2: Strikes out swinging
Bottom of the 3rd over - 0 runs, 1 hit, 0 errors, 1 left on base; Key West 3 - Gainesville 1
TOP OF THE 4TH
Key West Barracudas batting - Pitching for Gainesville Guidos : RHP Glenn Ellison
Pitching: RHP Larry Bischoff
Batting: RHB Anastasio Zartuche 0-0: Called Strike
0-1: Ball
1-1: Ball
2-1: Swinging Strike
2-2: Ball
3-2: Foul Ball, location: 2F
3-2: Foul Ball, location: 2F
3-2: Foul Ball, location: 2F
3-2: Base on Balls
Batting: RHB Ramiro Javier 0-0: Ball
1-0: Called Strike
1-1: Foul Ball, location: 2F
1-2: Grounds into double play, 5-4-3 (Groundball, 5)
Batting: RHB Ramón Díaz 0-0: Called Strike
0-1: Ball
1-1: Swinging Strike
1-2: Strikes out swinging
Top of the 4th over - 0 runs, 0 hits, 0 errors, 0 left on base; Key West 3 - Gainesville 1
BOTTOM OF THE 4TH
Gainesville Guidos batting - Pitching for Key West Barracudas : RHP Chuck Davies
Batting: RHB Adrián López 0-0: Called Strike
0-1: Ball
1-1: Foul Ball, location: 2F
1-2: Fly out, F9 (Flyball, 9S)
Batting: RHB León Reynoso 0-0: Called Strike
0-1: Foul Ball, location: 2F
0-2: Strikes out looking
Batting: RHB James Morris 0-0: Ball
1-0: Foul Ball, location: 2F
1-1: Ball
2-1: Ball
3-1: SOLO HOME RUN (Flyball, 7LD), Distance : 327 ft
Batting: RHB Dave Marshall 0-0: Ball
1-0: Fly out, F7 (Flyball, 78M)
Bottom of the 4th over - 1 run, 1 hit, 0 errors, 0 left on base; Key West 3 - Gainesville 2
TOP OF THE 5TH
Key West Barracudas batting - Pitching for Gainesville Guidos : RHP Larry Bischoff
Batting: RHB Rob DeWitt 0-0: Fly out, F6 (Popup, 6)
Batting: RHB Cris Lugo 0-0: Ball
1-0: Ball
2-0: Called Strike
2-1: Foul Ball, location: 2F
2-2: Foul Ball, location: 2F
2-2: SINGLE (Groundball, 56) (infield hit)
Batting: SHB Júlio Ayala 0-0: Ball
1-0: 2-RUN HOME RUN (Line Drive, 89XD), Distance : 409 ft
Batting: LHB Howard White 0-0: Ball
1-0: Ball
2-0: Ball
3-0: Called Strike
3-1: Foul Ball, location: 2F
3-2: Base on Balls
Batting: LHB Mauro Díaz 0-0: Hit by Pitch
Howard White to second
Batting: SHB Eric Pimentel 0-0: Called Strike
0-1: Ball
1-1: Ball
2-1: Ball
3-1: Swinging Strike
3-2: Foul Ball, location: 2F
3-2: Base on Balls
Howard White to third
Mauro Díaz to second
Batting: RHB Anastasio Zartuche 0-0: Ball
1-0: Ball
2-0: Ball
3-0: Called Strike
3-1: Base on Balls
Howard White scores
Mauro Díaz to third
Eric Pimentel to second
Batting: RHB Ramiro Javier 0-0: Ball
1-0: Ball
2-0: Fly out, F6 (Line Drive, 6)
Batting: RHB Ramón Díaz 0-0: Ball
1-0: Ball
2-0: Ball
3-0: Base on Balls
Mauro Díaz scores
Eric Pimentel to third
Anastasio Zartuche to second
Batting: RHB Rob DeWitt 0-0: Called Strike
0-1: Foul Ball, location: 2F
0-2: Ball
1-2: Ball
2-2: SINGLE (Line Drive, 78M)
Eric Pimentel scores
Anastasio Zartuche to third
Ramón Díaz to second
Throwing error, E8
Anastasio Zartuche scores
Ramón Díaz to third
Rob DeWitt to second
Batting: RHB Cris Lugo 0-0: Called Strike
0-1: Ball
1-1: Foul Ball, location: 2F
1-2: Ball
2-2: Strikes out looking
Top of the 5th over - 6 runs, 3 hits, 1 error, 2 left on base; Key West 9 - Gainesville 2
BOTTOM OF THE 5TH
Gainesville Guidos batting - Pitching for Key West Barracudas : RHP Chuck Davies
Batting: RHB Ricardo Medina 0-0: Ball
1-0: Foul Ball, location: 2F
1-1: Swinging Strike
1-2: Strikes out swinging
Batting: SHB Manuel Díaz 0-0: Foul Ball, location: 2F
0-1: Swinging Strike
0-2: Strikes out looking
Batting: RHB Doug Coleman 0-0: Fly out, F8 (Flyball, 8LM)
Bottom of the 5th over - 0 runs, 0 hits, 0 errors, 0 left on base; Key West 9 - Gainesville 2
TOP OF THE 6TH
Key West Barracudas batting - Pitching for Gainesville Guidos : RHP Larry Bischoff
Batting: SHB Júlio Ayala 0-0: Swinging Strike
0-1: Called Strike
0-2: Ball
1-2: Strikes out swinging
Batting: LHB Howard White 0-0: Ball
1-0: Ball
2-0: Ball
3-0: Base on Balls
Pitching: RHP Tim Lyons
Batting: LHB Mauro Díaz 0-0: Swinging Strike
0-1: Ball
1-1: Ball
2-1: Ball
3-1: Base on Balls
Howard White to second
Batting: SHB Eric Pimentel 0-0: DOUBLE (Groundball, 5L)
Howard White scores
Mauro Díaz to third
Batting: RHB Anastasio Zartuche 0-0: Ball
1-0: Ball
2-0: Ground out 1-3 (Groundball, P)
Batting: RHB Ramiro Javier 0-0: Called Strike
0-1: Swinging Strike
0-2: Foul Ball, location: 2F
0-2: Ground out 5-3 (Groundball, 5L)
Top of the 6th over - 1 run, 1 hit, 0 errors, 2 left on base; Key West 10 - Gainesville 2
BOTTOM OF THE 6TH
Gainesville Guidos batting - Pitching for Key West Barracudas : RHP Chuck Davies
Batting: RHB César Castillo 0-0: Foul Ball, location: 2F
0-1: Foul Ball, location: 2F
0-2: Ball
1-2: Strikes out looking
Batting: SHB Cornell Payne 0-0: Called Strike
0-1: Ground out 5-3 (Groundball, 56S)
Batting: RHB Adrián López 0-0: SOLO HOME RUN (Flyball, 7LD), Distance : 335 ft
Batting: RHB León Reynoso 0-0: Ball
1-0: Ball
2-0: Ball
3-0: Called Strike
3-1: DOUBLE (Flyball, 89D)
Pitching: RHP Luis Ortega
Batting: RHB James Morris 0-0: Ball
1-0: Ball
2-0: Ball
3-0: Base on Balls
Batting: RHB Dave Marshall 0-0: Called Strike
0-1: Ball
1-1: SINGLE (Groundball, 6MD)
León Reynoso to third
James Morris to second
Runner from 3rd tries for Home, SAFE, no throw
Batting: RHB Ricardo Medina 0-0: Swinging Strike
Passed Ball!
James Morris to third
Dave Marshall to second
0-1: Foul Ball, location: 2F
0-2: Ball
1-2: Strikes out swinging
Bottom of the 6th over - 2 runs, 3 hits, 0 errors, 2 left on base; Key West 10 - Gainesville 4
TOP OF THE 7TH
Key West Barracudas batting - Pitching for Gainesville Guidos : RHP Tim Lyons
Batting: RHB Ramón Díaz 0-0: Ball
1-0: Called Strike
1-1: Swinging Strike
1-2: Ball
2-2: Ball
3-2: DOUBLE (Line Drive, 89D)
Batting: RHB Rob DeWitt 0-0: Ball
1-0: DOUBLE (Groundball, 5L)
Ramón Díaz scores
Batting: RHB Cris Lugo 0-0: Foul Ball, location: 2F
0-1: Foul Ball, location: 2F
0-2: Ball
1-2: DOUBLE (Line Drive, 7LM)
Rob DeWitt scores
Batting: SHB Júlio Ayala 0-0: Ball
1-0: Foul Ball, location: 2F
1-1: Ball
2-1: Foul Ball, location: 2F
2-2: Ball
3-2: Base on Balls
Batting: LHB Howard White 0-0: Swinging Strike
0-1: Ball
1-1: Fly out, F9 (Flyball, 9S)
Batting: LHB Mauro Díaz 0-0: Ball
1-0: Ball
2-0: Foul Ball, location: 2F
2-1: Ball
3-1: Foul Ball, location: 2F
3-2: Base on Balls
Cris Lugo to third
Júlio Ayala to second
Batting: SHB Eric Pimentel 0-0: Fielders Choice at 2nd, 5-4 (Groundball, 56)
Cris Lugo scores
Júlio Ayala to third
Batting: RHB Anastasio Zartuche 0-0: Ball
1-0: Ball
2-0: Ball
3-0: Called Strike
3-1: Called Strike
3-2: Strikes out swinging
Top of the 7th over - 3 runs, 3 hits, 0 errors, 2 left on base; Key West 13 - Gainesville 4
BOTTOM OF THE 7TH
Gainesville Guidos batting - Pitching for Key West Barracudas : RHP Luis Ortega
Batting: SHB Manuel Díaz 0-0: Called Strike
0-1: Ball
1-1: Swinging Strike
1-2: Ball
2-2: SINGLE (Line Drive, 8RS)
Batting: RHB Doug Coleman 0-0: SINGLE (Groundball, 6MD)
Manuel Díaz to second
Runner from 2nd tries for 3rd, SAFE, throw made to third
Batting: RHB César Castillo 0-0: Ball
1-0: Ball
2-0: Ball
3-0: Called Strike
3-1: Called Strike
3-2: Base on Balls
Doug Coleman to second
Batting: SHB Cornell Payne 0-0: Called Strike
0-1: Called Strike
0-2: Ball
1-2: Strikes out swinging
Batting: RHB Adrián López 0-0: Ball
1-0: Called Strike
1-1: Ball
2-1: Ball
3-1: SINGLE (Line Drive, 6M)
Manuel Díaz scores
Doug Coleman to third
César Castillo to second
Batting: RHB León Reynoso 0-0: Ball
1-0: DOUBLE (Line Drive, 8RXD)
Doug Coleman scores
César Castillo scores
Adrián López to third
Batting: RHB James Morris 0-0: Ball
1-0: Called Strike
1-1: Ball
2-1: Foul Ball, location: 2F
2-2: Hit by Pitch
Batting: RHB Dave Marshall 0-0: Called Strike
0-1: Ball
1-1: Ball
2-1: Foul Ball, location: 2F
2-2: Foul Ball, location: 2F
2-2: Foul Ball, location: 2F
2-2: SINGLE (Groundball, 6MD)
Adrián López scores
León Reynoso to third
James Morris to second
Runner from 3rd tries for Home, SAFE, throw made home
Pitching: RHP José Cuellar
Batting: RHB Ricardo Medina 0-0: Called Strike
0-1: DOUBLE (Line Drive, 7LM)
James Morris scores
Dave Marshall to third
Batting: SHB Manuel Díaz 0-0: Ball
1-0: Foul Ball, location: 2F
1-1: Foul Ball, location: 2F
1-2: Ball
2-2: Strikes out looking
Batting: RHB Doug Coleman 0-0: Foul Ball, location: 2F
0-1: Ball
1-1: Ball
2-1: Foul Ball, location: 2F
2-2: Ball
3-2: Ground out 6-3 (Groundball, 6)
Bottom of the 7th over - 6 runs, 6 hits, 0 errors, 2 left on base; Key West 13 - Gainesville 10
TOP OF THE 8TH
Key West Barracudas batting - Pitching for Gainesville Guidos : RHP Tim Lyons
Pitching: RHP Pat Hanna
Batting: RHB Ramiro Javier 0-0: Ball
1-0: Ball
2-0: Ball
3-0: Swinging Strike
3-1: Swinging Strike
3-2: Foul Ball, location: 2F
3-2: Strikes out swinging
Batting: RHB Ramón Díaz 0-0: Called Strike
0-1: Ball
1-1: Called Strike
1-2: SOLO HOME RUN (Flyball, 7LD), Distance : 327 ft
Batting: RHB Rob DeWitt 0-0: Called Strike
0-1: Ball
1-1: Ball
2-1: Fly out, F7 (Flyball, 78M)
Batting: RHB Cris Lugo 0-0: Ball
1-0: Swinging Strike
1-1: Ball
2-1: Swinging Strike
2-2: Ball
3-2: Strikes out swinging
Top of the 8th over - 1 run, 1 hit, 0 errors, 0 left on base; Key West 14 - Gainesville 10
BOTTOM OF THE 8TH
Gainesville Guidos batting - Pitching for Key West Barracudas : RHP José Cuellar
Batting: RHB César Castillo 0-0: Ball
1-0: Called Strike
1-1: Ball
2-1: Foul Ball, location: 2F
2-2: Strikes out swinging
Batting: SHB Cornell Payne 0-0: Ball
1-0: Foul Ball, location: 2F
1-1: Ball
2-1: Foul Ball, location: 2F
2-2: Ground out 4-3 (Groundball, 4)
Batting: RHB Adrián López 0-0: Called Strike
0-1: Ball
1-1: Swinging Strike
1-2: Foul Ball, location: 2F
1-2: Ball
2-2: Ball
3-2: Strikes out swinging
Bottom of the 8th over - 0 runs, 0 hits, 0 errors, 0 left on base; Key West 14 - Gainesville 10
TOP OF THE 9TH
Key West Barracudas batting - Pitching for Gainesville Guidos : RHP Pat Hanna
Pitching: RHP Juan Arreola
Batting: SHB Júlio Ayala 0-0: Called Strike
0-1: Ball
1-1: Ball
2-1: SINGLE (Groundball, 15S) (infield hit)
Batting: LHB Howard White 0-0: Foul Ball, location: 2F
0-1: Ball
1-1: Ball
2-1: Ball
3-1: Called Strike
3-2: Foul Ball, location: 2F
3-2: Foul Ball, location: 2F
3-2: Base on Balls
Júlio Ayala to second
Batting: LHB Mauro Díaz 0-0: Ball
1-0: Ball
2-0: Called Strike
2-1: Foul Ball, location: 2F
2-2: Ball
3-2: Base on Balls
Júlio Ayala to third
Howard White to second
Batting: SHB Eric Pimentel 0-0: Foul Ball, location: 2F
0-1: Called Strike
0-2: Strikes out swinging
Batting: RHB Anastasio Zartuche 0-0: Swinging Strike
0-1: Ball
1-1: Called Strike
1-2: Grounds into double play, 5-2-3 (Groundball, 5L)
Top of the 9th over - 0 runs, 1 hit, 0 errors, 2 left on base; Key West 14 - Gainesville 10
BOTTOM OF THE 9TH
Gainesville Guidos batting - Pitching for Key West Barracudas : RHP José Cuellar
Batting: RHB León Reynoso 0-0: Called Strike
0-1: Foul Ball, location: 2F
0-2: Strikes out looking
Batting: RHB James Morris 0-0: Ball
1-0: DOUBLE (Line Drive, 78XD)
Batting: RHB Dave Marshall 0-0: Called Strike
0-1: Called Strike
0-2: Strikes out swinging
Batting: RHB Ricardo Medina 0-0: Ball
1-0: Swinging Strike
1-1: Called Strike
1-2: Strikes out swinging
Bottom of the 9th over - 0 runs, 1 hit, 0 errors, 1 left on base; Key West 14 - Gainesville 10
Saturday, April 7th, 2018 - OOTP Baseball 18.8 Build 76